AoeStats
← Xtreme | ticohzao

Black Forest

503698811Analyzed
4v4 RM · 1mo ago on Sep 1, 2026· 57m 23s· 8 players
Game mode
Random Map
Map size
Large (8 player)
Population
200
Speed
Normal
Resources
Standard
Victory
Conquest
Starting age
Dark Age
Ending age
Imperial Age
RankedLock teamsTeams togetherTeam positionsShared explorationLock speedFull tech treeHidden civsTurbo modeCheats
Victory
Defeat
🇩🇪 Jurchens · Germany
1641
+10
🇹🇷 Japanese · Türkiye
1583
+13
🇬🇧 Bohemians · United Kingdom
1544
+15
🇺🇸 Hindustanis · United States
1492
+17
🇲🇽 Berbers · Mexico
1585
-17
🇧🇷 Lithuanians · Brazil
1549
-15
🇧🇷 Persians · Brazil
1471
-12
🇧🇷 Ethiopians · Brazil
1456
-11
Catastrophic
0:43 Loom
3:37 Loom
10:04 Feudal Age
10:35 Double-Bit Axe
16:59 Horse Collar
25:37 Castle Age
25:40 Crossbowman
26:10 Fletching
26:44 Padded Archer Armor
26:46 Bodkin Arrow
33:48 Bow Saw
35:58 Wheelbarrow
37:22 Chemistry
38:04 Ballistics
49:36 Imperial Age
49:09 Fervor
49:39 Arbalester
50:20 Bracer
51:51 Hand Cart
52:39 Two-Man Saw
52:13 Padded Archer Armor
52:46 Caravan
53:56 Coinage
54:41 Leather Archer Armor
54:57 Heavy Plow
55:34 Banking
56:26 Ring Archer Armor
56:32 Elite Skirmisher
Rabe3000
9:52 Feudal Age
11:58 Double-Bit Axe
13:26 Loom
13:59 Bloodlines
18:55 Horse Collar
22:44 Castle Age
26:42 Bow Saw
28:57 Scale Barding Armor
29:03 Forging
33:07 Imperial Age
31:17 Heavy Plow
31:35 Caravan
32:48 Chain Barding Armor
33:41 Iron Casting
33:09 Padded Archer Armor
34:59 Chemistry
34:00 Gold Mining
36:28 Two-Man Saw
38:30 Wheelbarrow
37:42 Town Watch
38:17 Leather Archer Armor
39:48 Ring Archer Armor
43:06 Iron Casting
43:46 Shatagni
45:32 Hand Cart
45:18 Town Patrol
45:19 Fletching
46:30 Blast Furnace
47:40 Gold Shaft Mining
49:31 Conscription
49:16 Grand Trunk Road
50:11 Elite Ghulam
53:01 Bodkin Arrow
53:42 Plate Barding Armor
53:52 Scale Mail Armor
53:53 Bracer
56:53 Husbandry
56:54 Heavy Camel Rider
ValerioN__
7:12 Loom
9:13 Feudal Age
10:00 Double-Bit Axe
9:56 Horse Collar
19:28 Castle Age
20:00 Scale Barding Armor
20:29 Bow Saw
20:03 Light Cavalry
22:40 Heavy Plow
26:34 Wheelbarrow
31:21 Imperial Age
29:43 Hand Cart
29:42 Fletching
30:19 Bodkin Arrow
30:45 Treadmill Crane
31:11 Gold Mining
32:34 Conscription
32:43 Bracer
34:04 Chemistry
33:17 Yasama
33:44 Padded Archer Armor
33:37 Arrowslits
33:58 Guard Tower
35:13 Two-Man Saw
34:57 Stone Mining
35:48 Kataparuto
35:35 Siege Engineers
36:23 Ballistics
37:28 Keep
36:23 Pikeman
37:03 Squires
37:17 Murder Holes
37:21 Halberdier
39:14 Masonry
41:00 Hoardings
43:02 Scale Mail Armor
43:13 Forging
44:04 Chain Mail Armor
43:37 Arson
46:16 Iron Casting
46:12 Plate Mail Armor
47:06 Gold Shaft Mining
47:53 Coinage
47:24 Caravan
49:17 Banking
DoubleZX
6:09 Loom
8:54 Feudal Age
10:16 Wheelbarrow
20:05 Horse Collar
20:14 Double-Bit Axe
23:17 Town Watch
26:48 Stone Mining
29:12 Castle Age
28:04 Gold Mining
30:37 Hand Cart
34:09 Imperial Age
31:59 Fletching
32:59 Bow Saw
32:50 Heavy Plow
32:57 Heavy Plow
35:02 Scale Mail Armor
35:13 Forging
35:29 Pikeman
36:11 Squires
41:39 Iron Casting
41:19 Chain Mail Armor
44:38 Gold Shaft Mining
44:26 Bodkin Arrow
44:39 Guard Tower
44:41 Treadmill Crane
45:41 Stone Shaft Mining
46:22 Ballistics
46:38 Keep
48:01 Two-Man Saw
47:11 Bracer
48:45 Chemistry
47:57 Masonry
48:24 Conscription
48:11 Gambesons
48:39 Arrowslits
49:02 Siege Engineers
50:16 Scale Barding Armor
51:12 Blast Furnace
51:47 Chain Barding Armor
51:09 Light Cavalry
52:00 Bloodlines
51:47 Hussar
52:27 Husbandry
54:58 Architecture
55:20 Fortified Bastions
57:03 Plate Barding Armor
César UAM
0:39 Loom
18:21 Feudal Age
19:44 Double-Bit Axe
19:56 Horse Collar
21:37 Fletching
29:15 Castle Age
27:13 Gold Mining
27:31 Padded Archer Armor
30:04 Bodkin Arrow
30:52 Leather Archer Armor
30:50 Bow Saw
30:44 Heavy Plow
31:23 Bloodlines
34:10 Husbandry
35:18 Wheelbarrow
40:09 Thumb Ring
41:26 Ballistics
Xtreme | Rayden
5:49 Loom
9:23 Feudal Age
30:53 Castle Age
29:12 Double-Bit Axe
29:12 Horse Collar
37:53 Wheelbarrow
37:32 Bow Saw
37:29 Town Watch
38:29 Heavy Plow
43:21 Imperial Age
41:05 Fletching
41:15 Padded Archer Armor
41:46 Bodkin Arrow
41:45 Crossbowman
42:43 Leather Archer Armor
43:18 Fortified Wall
43:44 Arbalester
45:30 Chemistry
44:58 Bracer
46:15 Ballistics
47:33 Leather Archer Armor
50:46 Ring Archer Armor
53:33 Thumb Ring
53:48 Elite Skirmisher
55:59 Two-Man Saw
Sorrateiro
3:14 Loom
12:01 Feudal Age
16:07 Castle Age
19:35 Town Watch
20:43 Double-Bit Axe
21:43 Bow Saw
22:11 Wheelbarrow
26:10 Gold Mining
26:04 Horse Collar
27:23 Heavy Plow
28:46 Stone Mining
32:29 Imperial Age
30:23 Scale Barding Armor
30:43 Fortified Wall
31:01 Husbandry
31:12 Bloodlines
31:14 Forging
32:11 Stone Shaft Mining
32:31 Chain Barding Armor
32:38 Hand Cart
33:35 Conscription
34:23 Two-Man Saw
33:04 Onager
34:42 Plate Barding Armor
35:27 Iron Casting
34:39 Elite Leitis
36:47 Treadmill Crane
37:15 Fletching
37:47 Ballistics
37:52 Bodkin Arrow
39:39 Chemistry
38:40 Town Patrol
38:15 Capped Ram
40:00 Coinage
40:04 Crop Rotation
42:23 Banking
42:04 Guilds
43:04 Tower Shields
43:06 Bracer
43:07 Padded Archer Armor
43:33 Elite Skirmisher
43:50 Elite Skirmisher
44:47 Leather Archer Armor
44:57 Thumb Ring
46:04 Ring Archer Armor
Xtreme | ticohzao
6:42 Loom
10:27 Feudal Age
16:35 Castle Age
17:57 Gold Mining
21:11 Scale Barding Armor
21:17 Forging
23:33 Husbandry
26:34 Bloodlines
27:38 Chain Barding Armor
29:21 Double-Bit Axe
30:52 Iron Casting
30:58 Wheelbarrow
30:31 Horse Collar
32:07 Bow Saw
38:43 Imperial Age
38:26 Cavalier
39:36 Scale Mail Armor
40:04 Hand Cart
39:35 Town Watch
39:37 Pikeman
40:17 Squires
40:03 Gambesons
40:34 Arson
41:05 Chain Mail Armor
41:03 Halberdier
44:01 Two-Man Saw
44:03 Plate Barding Armor
44:49 Plate Mail Armor
45:43 Blast Furnace
46:56 Conscription
48:20 Gold Shaft Mining
47:35 Stone Mining
50:10 Heavy Plow
50:00 Savar
51:58 Light Cavalry
56:10 Chemistry
Connection lost

Rejoining the realm…

Still unreachable

The connection could not be restored.

Session expired

The server has moved on; the page needs a fresh start.